 Dungeon Crawl Stone Soup version 0.27-a0-1065-ge809cff456 (webtiles) character file.

Game seed: 14622936996150546360

51 Gaff the Magician (level 3, 27/27 HPs)
             Began as a Djinni Conjurer on Apr 23, 2021.
             Was a Follower of Trog.
             Got out of the dungeon alive.
             The game lasted 00:04:31 (2394 turns).

Gaff the Magician (Djinni Conjurer)                 Turns: 2394, Time: 00:04:32

Health: 27/27      AC:  2    Str:  6    XL:     3   Next: 83%
Gold:   73         EV: 12    Int: 20    God:    Trog [*.....] SH:  0 Dex: 11

rFire    + + .     SeeInvis .   j - +1 dagger (antimagic)
rCold    x . .     Faith    .   (no shield)
rNeg     . . .     Spirit   .   a - +0 robe
rPois    ∞         Reflect  .   (no helmet)
rElec    .         Harm     .   (no cloak)
rCorr    .         Rampage  .   (no gloves)
Will     .....                  (boots unavailable)
Stlth    ++........             (no amulet)
HPRegen  0.09/turn              (no ring)
MPRegen  0.00/turn              (no ring)

@: flying
A: fire resistance 2, cold vulnerability 1, float, innate caster, hp casting,
extra vitality 1
a: Renounce Religion, Berserk


You escaped.
You worshipped Trog.
Trog was aware of your devotion.
You visited 1 branch of the dungeon, and saw 2 of its levels.

You collected 73 gold pieces.

Inventory:

Hand Weapons
 c - a +0 short sword
 g - a +0 spear
 j - a +1 antimagic dagger (weapon)
Armour
 a - a +0 robe (worn)
 r - a +0 hat
Scrolls
 b - 3 scrolls of amnesia {unknown}
 e - 2 scrolls of noise {unknown}
 n - a scroll of teleportation {unknown}
 o - a scroll of enchant weapon {unknown}
Potions
 d - a potion of berserk rage {unknown}
 f - a potion of attraction {unknown}
 h - a potion of mutation {unknown}
 i - a potion of brilliance {unknown}
 k - a potion of flight {unknown}
 l - a potion of might {unknown}
 m - a potion of haste {unknown}
 p - a potion of degeneration {unknown}
 q - 2 potions of curing {unknown}


   Skills:
 + Level 1.0 Fighting
 + Level 0.9 Armour
 + Level 2.6 Dodging
 - Level 1.5 Stealth
 - Level 4.2 Spellcasting


You couldn't memorise any spells.
You knew the following spells:

 Your Spells              Type           Power      Damage    Failure   Level
a - Magic Dart            Conj           84%        1d7       2%          1
b - Searing Ray           Conj           42%        3d4       3%          2
c - Dazzling Flash        Conj/Hex       42%        N/A       7%          3
d - Fulminant Prism       Conj/Hex       10%        3d9       22%         4
e - Iskenderun's Mystic   Conj/Tloc      21%        2d6       22%         4
f - Summon Small Mammal   Summ           84%        N/A       2%          1
Your spell library was empty.

Dungeon Overview and Level Annotations

Branches:
Dungeon (2/15)

Altars:
Trog


Innate Abilities, Weirdness & Mutations

You are immune to poison.
Your flesh is very heat resistant. (rF++)
You are vulnerable to cold. (rC-)
You float through the air rather than walking.
You learn spells naturally, not from books.
Your magical power is your life essence.
You have superior vitality. (+4 HP)


Message History

The plant is lightly damaged.
There is an open door here.
You hit the plant.
The plant is lightly damaged.
A nearby plant withers and dies.
There is an open door here.
You start waiting.
Done waiting.
You hit the withered plant.
The withered plant begins to crumble.
The withered plant is lightly damaged.
The withered plant crumbles away.
You hit the withered plant.
The withered plant begins to crumble.
The withered plant is lightly damaged.
The withered plant crumbles away.
You hit the withered plant.
The withered plant begins to crumble.
The withered plant is lightly damaged.
You hit the withered plant.
The withered plant begins to crumble.
The withered plant is lightly damaged.
The withered plant crumbles away.
The withered plant crumbles away.
There is a faded altar of an unknown god here.
You cannot tell which god this altar belongs to.
Convert to them anyway?
Trog accepts your prayer! Trog welcomes you!
You can now go berserk at will.
You reach down and open the door.
There is an open door here.
Found a stone staircase leading up.
Found a hat.
You see here a +0 hat.
r - a +0 hat
There is a stone staircase leading up here.
You fly upwards.
There is a stone staircase leading down here.
There is a huge open gate here.
There is an open gate here.
The kobold shouts!
There is a staircase leading out of the dungeon here.
Are you sure you want to leave the Dungeon?
This will make you lose the game!
You have escaped!

#.# ###### #.######### .....##
#.........#
..##..########################.#
..##.................[.......#.#
.............................#.#
...##........................#.#
..###...#################....#.#
..# #...#≈≈≈≈≈≈≈@§≈§≈≈≈≈#....#.#
..# #...#≈≈≈≈≈≈≈§§§§≈≈§≈#....#.#
..###...#≈≈≈≈...§.§§≈§≈≈#....#.##
...##...#≈≈.......§...≈≈#....#.##
)..##...#≈.............≈#....#.##
...##...#≈.............≈#....#.##
...##...###..8.###.8..###....#.##
#####...#o#...:.......#K#....#.##
........#######'''#######..>.#.##


You could see an orc.

Vanquished Creatures
  A gnoll (D:1)
  An adder (D:2)
  A worm (D:2)
  A dart slug (D:1)
  2 ball pythons (D:1)
  A giant cockroach (D:1)
  2 goblins (D:1)
  4 hobgoblins
  3 jackals (D:1)
  3 kobolds
  A quokka (D:2)
  5 bats (D:1)
  A frilled lizard (D:1)
  3 rats (D:1)
29 creatures vanquished.

Vanquished Creatures (others)
  A plant (D:2)
  4 withered plants (D:2)
5 creatures vanquished.

Grand Total: 34 creatures vanquished

Notes
Turn   | Place    | Note
-------+----------+-------------------------------------------
     0 | D:1      | Gaff the Djinni Conjurer began the quest for the Orb.
     0 | D:1      | Reached XP level 1. HP: 15/15 MP: 0/0
   265 | D:1      | Reached XP level 2. HP: 17/21 MP: 0/0
   500 | D:1      | Reached skill level 4 in Spellcasting
   724 | D:1      | Reached XP level 3. HP: 24/26 MP: 0/0
   724 | D:1      | Learned a level 1 spell: Summon Small Mammal
  2036 | D:2      | Reached skill level 1 in Fighting
  2211 | D:2      | Found a faded altar of an unknown god.
  2341 | D:2      | Became a worshipper of Trog the Wrathful
  2341 | D:2      | Reached * piety under Trog
  2394 | D:$      | Got out of the dungeon alive.

Illustrated notes

Levels and vault maps discovered:
D:1:      lordsloth_arrival_two_stooges, layout_basic
D:2:      layout_rooms, shapermc_ecumenical_altar_flowoftime, serial_curves,
          eino_curves_01, eino_curves_01, dk_noncrumbling_2,
          nrook_loot_triangle, corexii_leaking_fountain

Skill      XL: |  1  2  3 |
---------------+----------+-----
Spellcasting   | 4 |  4.2
Fighting       | 1 |  1.0
Armour         | |  0.9
Dodging        | |  2.6
Stealth        | |  1.5

Action                   || total
-------------------------++-------
Melee: Short sword       ||     1
       Dagger            ||    10
 Cast: Magic Dart        ||    56
       Searing Ray       ||     3
       Summon Small Mamm ||     4
Armor: Robe              ||     1
Dodge: Dodged            ||    10

Table legend: (Time is in decaauts)
 A = Elapsed time spent in this place.
 B = Non-inter-level travel time spent in this place.
 C = Inter-level travel time spent in this place.
 D = Time resting spent in this place.
 E = Time spent auto-exploring this place.
 F = Levels seen in this place.
 G = Mean time per level.
                   A        B        C        D        E       F      G
               +--------+--------+--------+--------+--------+-----+--------+
         Total |   2392 |   2345 |     47 |    929 |   1155 |   2 | 1196.0 |
       Dungeon |   2392 |   2345 |     47 |    929 |   1155 |   2 | 1196.0 |
               +--------+--------+--------+--------+--------+-----+--------+

Top non-repeatable levels by time:
     D:1: 1826 daAuts
     D:2: 566 daAuts
